 Dungeon Crawl Stone Soup version 0.19.1 (console) character file.

121 Kloppie the Slasher (level 4, -6/61 HPs)
             Began as a Draconian Berserker on Dec 27, 2016.
             Was a Believer of Trog.
             Mangled by ImaNewbie's ghost (19 damage)
             ... on level 3 of the Dungeon.
             The game lasted 00:01:44 (1687 turns).

Kloppie the Slasher (Draconian Berserker)           Turns: 1687, Time: 00:01:44

Health: -6/61      AC:  5    Str: 24    XL:     4   Next: 76%
Magic:  4/4        EV: 12    Int:  8    God:    Trog [**....]
Gold:   143        SH:  0    Dex: 11    Spells: 0 memorised, 3 levels left

rFire  . . .     SeeInvis .     a - +0 falchion
rCold  . . .     Gourm    .     (armour unavailable)
rNeg   . . .     Faith    .     (no shield)
rPois  .         Spirit   .     (helmet restricted)
rElec  .         Reflect  .     (no cloak)
rCorr  .         Harm     .     (no gloves)
MR     .....                    (no boots)
Stlth  ..........               (no amulet)
                                (no ring)
                                (no ring)

@: berserking (expiring), very quick
A: unfitting armour, cold-blooded, AC +5
a: Berserk, Trog's Hand, Burn Spellbooks, Renounce Religion


You were on level 3 of the Dungeon.
You worshipped Trog.
Trog was pleased with you.
You were very hungry.

You visited 1 branch of the dungeon, and saw 3 of its levels.

You collected 143 gold pieces.

Inventory:

Hand Weapons
 a - a +0 falchion (weapon)
Jewellery
 e - an uncursed ring of protection from magic {unknown}
Scrolls
 f - a scroll of immolation {unknown}
 h - a scroll of magic mapping {unknown}
 i - 2 scrolls of teleportation {unknown}
 j - a scroll of recharging {unknown}
 l - a scroll of remove curse {unknown}
 m - a scroll of amnesia {unknown}
Potions
 d - a potion of curing {unknown}
 g - a potion of cure mutation {unknown}
Comestibles
 b - 3 bread rations
 c - 5 chunks of flesh
 k - a slice of pizza


   Skills:
 + Level 4.3 Fighting
 * Level 4.8 Long Blades
 - Level 2.6 Dodging


You had 3 spell levels left.
You didn't know any spells.

Dungeon Overview and Level Annotations

Branches:
Dungeon (3/15)

Altars:

Annotations:
D:3 ImaNewbie's ghost, novice OgFi


Innate Abilities, Weirdness & Mutations

Your plain brown scales are hard. (AC +5)
You cannot fit into any form of body armour.
You are cold-blooded and may be slowed by cold attacks.


Message History

Your tail-slap misses ImaNewbie's ghost.
ImaNewbie's ghost is moderately damaged.
ImaNewbie's ghost hits you!
* * * LOW HITPOINT WARNING * * *
You slash ImaNewbie's ghost!
ImaNewbie's ghost is moderately damaged.
You hit ImaNewbie's ghost but do no damage.
ImaNewbie's ghost is moderately damaged.
ImaNewbie's ghost hits you.
* * * LOW HITPOINT WARNING * * *
You slash ImaNewbie's ghost!
ImaNewbie's ghost is heavily damaged.
ImaNewbie's ghost hits you.
* * * LOW HITPOINT WARNING * * *
You barely miss ImaNewbie's ghost.
ImaNewbie's ghost is heavily damaged.
You slash ImaNewbie's ghost!
ImaNewbie's ghost is severely damaged.
ImaNewbie's ghost hits you!!
You die...

# #.# ###########.#
...#........#
..........#.####
...............#
###########.##<####
............##....#
###########.#####.#.#.#
....... #......@W....#
######. #..#####.###.#
###### #..# #.# .....#
#..# #.# .....# #..#
#.# .....# #..# #.#
.....#.# #..# #.#
##.#.#.# #..# .#
.))#.#.# #..#


You could see ImaNewbie's ghost.

Vanquished Creatures
  Natasha (D:2)
  3 adders
  3 gnolls (D:2)
  A dart slug (D:2)
  2 leopard geckos (D:3)
  3 orcs (D:3)
  3 bats
  2 giant cockroaches
  5 goblins
  A hobgoblin (D:1)
  4 kobolds
  5 frilled lizards
  8 rats
41 creatures vanquished.

Notes
Turn   | Place    | Note
-------+----------+-------------------------------------------
     0 | D:1      | Kloppie the Draconian Berserker began the quest for the Orb.
     0 | D:1      | Reached XP level 1. HP: 19/19 MP: 1/1
   192 | D:1      | Reached XP level 2. HP: 26/26 MP: 2/2
   886 | D:2      | Reached XP level 3. HP: 28/31 MP: 3/3
  1047 | D:2      | Reached ** piety under Trog
  1259 | D:2      | Noticed Natasha
  1267 | D:2      | Killed Natasha
  1267 | D:2      | Reached XP level 4. HP: 30/40 MP: 4/4
  1670 | D:3      | Noticed ImaNewbie's ghost (novice OgFi)
  1687 | D:3      | Mangled by ImaNewbie's ghost

Skill      XL: |  1  2  3 |
---------------+----------+-----
Long Blades    | 4 |  4.8
Fighting       | 4 |  4.3
Dodging        | |  2.6

Action                   |  1- 3 |  4- 6 || total
-------------------------+-------+-------++-------
Melee: Falchion          |    70 |    35 ||   105
       Tailslap          |    10 |     3 ||    13
Invok: Berserk           |     1 |     1 ||     2
  Eat: Chunk             |     2 |     1 ||     3
Armor: Skin              |    26 |    10 ||    36
Dodge: Dodged            |    39 |    12 ||    51
       Rpst.: Falchion   |    14 |     6 ||    20
